 Dungeon Crawl Stone Soup version 0.29.1-1-gd02db6906a (webtiles) character file.

Game seed: 1830848883488026744

137 hikkokomori the Digger (level 5, -6/32 HPs)
             Began as a Gargoyle Earth Elementalist on Oct 6, 2022.
             Mangled by an orc warrior
             ... wielding a +0 flail
              (12 damage)
             ... on level 4 of the Dungeon.
             The game lasted 00:06:01 (3839 turns).

hikkokomori the Digger (GrEE)                       Turns: 3839, Time: 00:06:03

Health: -6/32      AC:  7    Str: 12    XL:     5   Next: 20%
Magic:  3/8        EV: 15    Int: 17    God:
Gold:   83         SH:  0    Dex: 10    Spells: 7/8 levels left

rFire   . . .      SeeInvis .   r - +1 great mace
rCold   . . .      Faith    .   (shield currently unavailable)
rNeg    + . .      Spirit   .   a - +0 robe
rPois   ∞          Reflect  .   (no helmet)
rElec   +          Harm     .   (no cloak)
rCorr   .          Rampage  .   v - +0 pair of gloves
Will    +....                   (no boots)
Stlth   ++........              (no amulet)
HPRegen 0.10/turn               u - +4 ring of evasion
MPRegen 0.11/turn               t - ring of willpower

@: mighty
A: sickness immunity, AC +4, negative energy resistance 1, electricity
resistance, torment resistance 1, petrification resistance
a: no special abilities


You were on level 4 of the Dungeon.
You visited 1 branch of the dungeon, and saw 4 of its levels.

You collected 83 gold pieces.

Inventory:

Hand Weapons
 f - a +0 dagger
 h - a +1 vampiric dagger
 o - a +2 dagger of venom
 r - a +1 great mace (weapon)
Armour
 a - a +0 robe (worn)
 v - a +0 pair of gloves (worn)
Jewellery
 t - a ring of willpower (right hand)
 u - a +4 ring of evasion (left hand)
Scrolls
 c - a scroll of brand weapon {unknown}
 j - a scroll of magic mapping {unknown}
 m - 2 scrolls of enchant weapon
 n - a scroll of torment {unknown}
 p - a scroll of poison {unknown}
 q - 2 scrolls of amnesia {unknown}
 s - a scroll of fear {unknown}
 w - a scroll of teleportation
Potions
 b - a potion of magic
 d - a potion of haste {unknown}
 g - a potion of lignification
 i - a potion of mutation {unknown}
 k - a potion of flight {unknown}
 l - 4 potions of curing


   Skills:
 + Level 3.5 Fighting
 - Level 1.5 Dodging
 - Level 2.1 Stealth
 - Level 2.0 Spellcasting
 - Level 0.7 Transmutations
 + Level 5.5 Earth Magic


You had 7 spell levels left.
You knew the following spells:

 Your Spells              Type           Power      Damage    Failure   Level
a - Sandblast             Erth           40%        2d10      1%          1

Your spell library contained the following spells:

 Spells                   Type           Power      Damage    Failure   Level
 Passwall                 Tmut/Erth      10%        N/A       9%          2
 Stone Arrow              Conj/Erth      22%        3d8       19%         3
 Petrify                  Tmut/Erth      12%        N/A       47%         4


Dungeon Overview and Level Annotations

Branches:
Dungeon (4/15)
 Temple: D:4-7

Altars:


Innate Abilities, Weirdness & Mutations

You are immune to sickness and miasma.
Your stone body is resilient. (AC +4)
You are immune to poison.
You resist negative energy. (rN+)
You are resistant to electric shocks. (rElec)
You are resistant to unholy torment.
You are immune to petrification.


Message History

Aiming: Sandblast (safe; 1% risk of failure)
Press: ? - help, Shift-Dir - straight line, f - orc, p - orc warrior
Aim: an orc, wielding a +0 hand axe (83% to hit)
The blast of sand hits the orc!
You kill the orc!
The orc warrior hits you with a +0 flail!
The orc warrior barely misses you.
Casting: Sandblast (safe; 1% risk of failure)
Confirm with . or Enter, or press ? or * to list all spells.
Aiming: Sandblast (safe; 1% risk of failure)
Press: ? - help, Shift-Dir - straight line, f - orc warrior
Aim: an orc warrior, wielding a +0 flail and wearing a +0 chain mail (moderately wounded, 81% to hit)
The blast of sand hits the orc warrior.
The orc warrior is moderately wounded.
The orc warrior completely misses you.
As you read the scroll labelled PYTHRY GAFOU, it crumbles to dust.
It is a scroll of enchant weapon.
Your +0 great mace glows red for a moment.
The orc warrior hits you with a +0 flail.
You closely miss the orc warrior.
The orc warrior is moderately wounded.
The orc warrior closely misses you.
The orc warrior hits you with a +0 flail!
* * * LOW HITPOINT WARNING * * *
Unknown command.
You feel better. The orc warrior closely misses you.
The orc closely misses you.
You feel very mighty all of a sudden. The orc warrior misses you.
The orc misses you.
You sock the orc warrior!
The orc warrior is severely wounded.
The orc warrior barely misses you. The orc closely misses you.
Unknown command.
You hit the orc warrior.
The orc warrior is severely wounded.
The orc closely misses you.
The orc warrior hits you with a +0 flail!
* * * LOW HITPOINT WARNING * * *
The orc warrior hits you with a +0 flail!
You die...

#.#..##.##.#.# #.#
#.#..##.##.#.## #.#
#..........(..###.#
###..##.....#.....#
#..######...##### ###..#
##.## #....# #.#### #.#.##
####o...##### #)#.#
#...o@......# ######
#.#.#####.#####.###.#
#..... #....#.... ..##.#
#.# #.#### #......# #.##.#
#.# #.# #......#
#.##.###.#####.#
#......#####..............#
#####..##.##..#.......#####
#..#...#...####.#.#
#..........####.#.# #


You could see an orc warrior and an orc.

Vanquished Creatures
  3 adders
  A worm (D:3)
  2 dart slugs
  15 orcs
  7 ball pythons
  2 bats (D:3)
  10 endoplasms
  4 giant cockroaches
  6 goblins
  7 hobgoblins
  4 jackals
  9 kobolds
  2 quokkas
  A frilled lizard (D:1)
  6 rats
79 creatures vanquished.

Notes
Turn   | Place    | Note
-------+----------+-------------------------------------------
     0 | D:1      | hikkokomori the Gargoyle Earth Elementalist began the quest
                  | for the Orb.
     0 | D:1      | Reached XP level 1. HP: 10/10 MP: 3/3
   252 | D:1      | Reached skill level 1 in Fighting
   306 | D:1      | Reached skill level 4 in Earth Magic
   306 | D:1      | Reached XP level 2. HP: 16/16 MP: 5/5
   770 | D:1      | Reached XP level 3. HP: 17/21 MP: 6/6
   975 | D:1      | Found a faded altar of an unknown god.
  1569 | D:3      | Reached XP level 4. HP: 14/27 MP: 1/7
  2265 | D:3      | Reached skill level 5 in Earth Magic
  3217 | D:4      | Noticed an orc warrior
  3672 | D:4      | Reached XP level 5. HP: 32/32 MP: 8/8
  3839 | D:4      | Mangled by an orc warrior

Illustrated notes

Levels and vault maps discovered:
D:1:      shiori_arrival_oz, layout_basic, shapermc_ecumenical_altar_flowoftime
D:2:      cheibrodos_helix_gallery, layout_basic
D:3:      layout_basic, minmay_box_of_dots
D:4:      layout_loops_ring

Skill      XL: |  1  2  3  4 |
---------------+-------------+-----
Fighting       | 1 2 3 |  3.5
Earth Magic    | 4 5 |  5.5
Dodging        | |  1.5
Stealth        | |  2.1
Spellcasting   | |  2.0
Transmutations | |  0.7

Action                   |  1- 3 |  4- 6 || total
-------------------------+-------+-------++-------
Melee: Dagger            |   113 |    24 ||   137
       Unarmed           |     2 |       ||     2
       Great mace        |       |    62 ||    62
 Cast: Sandblast         |    18 |    20 ||    38
  Use: Scroll            |     1 |     4 ||     5
       Potion            |       |     2 ||     2
 Stab: Sleeping          |     5 |     4 ||     9
Armor: Robe              |    33 |    45 ||    78
Dodge: Dodged            |    77 |    81 ||   158
